 Seeded DCSS version 0.28.0-49-g6dfe1f597d (webtiles) character file.

Game seed: 523019199727972820 (custom seed)

709 thiscave3701365 the Cleaver (level 7, -7/61 HPs)
             Began as a Minotaur Berserker on May 13, 2022.
             Was a Believer of Trog.
             Mangled by Menkaure (10 damage)
             ... on level 5 of the Dungeon.
             The game lasted 00:04:26 (5520 turns).

thiscave3701365 the Cleaver (Minotaur Berserker)    Turns: 5520, Time: 00:04:27

Health: -7/61      AC:  9    Str: 23    XL:     7   Next: 40%
Magic:  6/6        EV:  9    Int:  4    God:    Trog [**....]
Gold:   246        SH:  0    Dex: 10    Spells: 6/6 levels left

rFire   . . .      SeeInvis .   a - +0 hand axe
rCold   . . .      Faith    .   (no shield)
rNeg    . . .      Spirit   .   n - +0 chain mail
rPois   .          Reflect  .   (helmet restricted)
rElec   .          Harm     .   (no cloak)
rCorr   .          Rampage  .   (no gloves)
Will    .....                   (no boots)
Stlth   ..........              (no amulet)
HPRegen 0.20/turn               (no ring)
MPRegen 0.10/turn               (no ring)

@: on berserk cooldown, slowed, very slow
A: horns 2, retaliatory headbutt
a: Renounce Religion, Berserk, Trog's Hand


You were on level 5 of the Dungeon.
You worshipped Trog.
Trog was pleased with you.
You visited 1 branch of the dungeon, and saw 5 of its levels.

You collected 246 gold pieces.

Inventory:

Hand Weapons
 a - a +0 hand axe (weapon)
Missiles
 j - 2 throwing nets
Armour
 n - a +0 chain mail (worn)
Jewellery
 h - an amulet of faith
 i - a ring of poison resistance
 s - an amulet of guardian spirit
Wands
 u - a wand of polymorph (2)
Scrolls
 c - 2 scrolls of fog {unknown}
 e - 4 scrolls of teleportation {unknown}
 k - a scroll of fear {unknown}
 l - 5 scrolls of identify {unknown}
 m - a scroll of amnesia {unknown}
 o - 2 scrolls of blinking {unknown}
 p - 2 scrolls of vulnerability {unknown}
Potions
 d - a potion of curing {unknown}
 f - a potion of berserk rage {unknown}
 g - a potion of resistance {unknown}
 q - a potion of invisibility {unknown}
 r - a potion of might
 t - a potion of heal wounds {unknown}


   Skills:
 - Level 5.5 Fighting
 + Level 8.3 Axes
 - Level 4.2 Armour
 - Level 3.4 Dodging
 - Level 0.6 Stealth


You had 6 spell levels left.
You didn't know any spells.
Your spell library was empty.

Dungeon Overview and Level Annotations

Branches:
Dungeon (5/15)             Temple (0/1) D:4

Altars:
Ashenzari

Annotations:
D:3 3 runed translucent doors, pkoi's ghost, amateur DgFE
D:5 Menkaure


Innate Abilities, Weirdness & Mutations

You have a pair of horns on your head.
You reflexively headbutt those who attack you in melee.


Message History

The orc wizard convulses!
Your body is wracked with pain!
* * * LOW HITPOINT WARNING * * *
The orc wizard points at you and mumbles some strange words.
The puff of flame misses you.
You feel sick. The orc hits you but does no damage. The orc closely misses you.
You closely miss the orc.
The orc is severely wounded.
You feel sick.
You are no longer poisoned.
The orc hits you but does no damage. Menkaure hits you but does no damage.
You slash the orc!
You kill the orc!
Trog accepts your kill.
You hit Menkaure.
You hit the orc wizard but do no damage.
You feel less confused.
The orc wizard hits you but does no damage.
Menkaure hits you but does no damage.
The orc wizard hits you with a +0 dagger.
* * * LOW HITPOINT WARNING * * *
Okay, then.
Okay, then.
You hit Menkaure. You headbutt Menkaure.
Menkaure is moderately damaged.
You closely miss the orc wizard.
Menkaure calls on the powers of darkness!
The orc wizard convulses!
Your body is wracked with pain!
* * * LOW HITPOINT WARNING * * *
The orc wizard hits you with a +0 dagger.
* * * LOW HITPOINT WARNING * * *
Menkaure calls on the powers of darkness!
The orc wizard convulses!
You feel a surge of unholy energy.
You closely miss Menkaure. Your headbutt misses Menkaure.
Menkaure is moderately damaged.
You closely miss the orc wizard.
Menkaure calls on the powers of darkness!
You feel a surge of unholy energy.
The orc wizard hits you but does no damage.
Menkaure hits you!
You die...

#....## ##.......
##.#### .#
####..#########.###
..#>.................
.............(.##.....
......########........
...### ##.....#.$....
P< ####............. .
........@))......
##.....Mo)......
#.)...........[
#..............
#......>.......
#..............
##.............
##.....##...). #######
##..


You could see Menkaure (fast) and an orc wizard.

Vanquished Creatures
  An ogre (D:5)
  A phantom (D:4)
  2 scorpions (D:4)
  A howler monkey (D:4)
  2 orc priests
  A gnoll shaman (D:4)
  A hound (D:4)
  An iguana (D:5)
  Ijyb (D:4)
  3 orc wizards
  A hound skeleton (D:4)
  A gnoll (D:1)
  5 adders
  An ufetubus (D:5)
  An adder skeleton (D:4)
  2 worms
  A dart slug (D:4)
  12 orcs
  12 endoplasms
  3 giant cockroaches
  4 goblins
  5 hobgoblins
  5 quokkas
  8 ball pythons
  6 bats
  A frilled lizard (D:1)
  7 kobolds
  8 rats
97 creatures vanquished.

Notes
Turn   | Place    | Note
-------+----------+-------------------------------------------
     0 | D:1      | thiscave3701365 the Minotaur Berserker began the quest for
                  | the Orb.
     0 | D:1      | Reached XP level 1. HP: 19/19 MP: 0/0
   516 | D:1      | Reached skill level 4 in Axes
   516 | D:1      | Reached XP level 2. HP: 24/27 MP: 1/1
   893 | D:1      | Found a faded altar of an unknown god.
   901 | D:1      | Reached ** piety under Trog
  1371 | D:2      | Reached XP level 3. HP: 17/33 MP: 2/2
  1876 | D:2      | Found a broken altar of Ashenzari.
  2472 | D:3      | Reached XP level 4. HP: 37/41 MP: 3/3
  2610 | D:3      | Found a runed translucent gate.
  2627 | D:3      | Found a runed translucent gate.
  2627 | D:3      | Found a runed translucent gate.
  2660 | D:3      | Noticed pkoi's ghost (amateur DgFE)
  3182 | D:4      | Reached skill level 5 in Axes
  3231 | D:4      | Noticed a phantom
  3236 | D:4      | Reached XP level 5. HP: 36/47 MP: 4/4
  3244 | D:4      | Killed a phantom
  3245 | D:4      | Reached skill level 5 in Fighting
  3267 | D:4      | Reached skill level 6 in Axes
  3749 | D:4      | Reached XP level 6. HP: 56/56 MP: 5/5
  4068 | D:4      | Found a staircase to the Ecumenical Temple.
  4597 | D:4      | Reached skill level 7 in Axes
  4782 | D:4      | Noticed Ijyb
  4792 | D:4      | Killed Ijyb
  5003 | D:4      | Reached XP level 7. HP: 61/61 MP: 6/6
  5169 | D:5      | Entered Level 5 of the Dungeon
  5464 | D:5      | Reached skill level 8 in Axes
  5501 | D:5      | Noticed Menkaure
  5519 | D:5      | HP: 2/61 [orc wizard/+0 dagger (3)]
  5520 | D:5      | Mangled by Menkaure

Illustrated notes

Levels and vault maps discovered:
D:1:      minmay_arrival_floating_metal, layout_loops_corners,
          shapermc_ecumenical_altar_notcrosses, minivault_11
D:2:      layout_basic, basic_altar
D:3:      layout_basic, gammafunk_ghost_icy
D:4:      minmay_chambers_of_twos, layout_loops_cross,
          minmay_temple_entry_fiery, minmay_fractal_squares_5, uniq_ijyb
D:5:      layout_rooms, serial_bayou_lagoon_a, uniq_grinder, uniq_menkaure

Skill      XL: |  1  2  3  4  5  6  7 |
---------------+----------------------+-----
Axes           | 4 5 6 7 8 |  8.3
Fighting       | 4 5 |  5.5
Armour         | 3 4 |  4.2
Dodging        | 3 |  3.4
Stealth        | |  0.6

Action                   |  1- 3 |  4- 6 |  7- 9 || total
-------------------------+-------+-------+-------++-------
Melee: Hand axe          |    82 |   113 |    26 ||   221
       Headbutt          |    11 |    19 |     7 ||    37
       Punch             |       |     1 |       ||     1
Invok: Berserk           |     1 |     7 |     3 ||    11
Armor: Animal skin       |    15 |       |       ||    15
       Chain mail        |     7 |    56 |    10 ||    73
Dodge: Dodged            |    44 |    38 |     7 ||    89
